 Dungeon Crawl Stone Soup version 0.16-a0-791-gf1c67de (webtiles) character file.

796 Psiweapon the Covert (level 8, -2/41 HPs)
             Began as a Kobold Enchanter on Sept 28, 2014.
             Slain by a goliath beetle (24 damage)
             ... on Level 6 of the Dungeon.
             The game lasted 00:32:38 (5930 turns).

Psiweapon the Covert (Kobold Enchanter)             Turns: 5930, Time: 00:32:38

HP  -2/41        AC  6     Str  9      XL: 8   Next: 13%
MP   3/13        EV 12     Int 15      God:
Gold 258         SH  0     Dex 17      Spells:  4 memorised,  2 levels left

rFire  . . .     SeeInvis .     s - +2 dagger (vamp)
rCold  . . .     Clarity  .     F - +0 leather armour of the Hidden Vale {Str+3}
rNeg   . . .     rCorr    .     (no shield)
rPois  .         rRot     .     (no helmet)
rElec  .         Spirit   .     A - +2 cloak
SustAb .         Warding  .     (no gloves)
rMut   .         Stasis   .     (no boots)
Gourm  .                        (no amulet)
MR     .....                    (no ring)
                                (no ring)

@: not resistant to hostile enchantments, stealthy
A: carnivore 3
a: no special abilities


You were on level 6 of the Dungeon.
You were very full.

You visited 1 branch of the dungeon, and saw 6 of its levels.

You collected 258 gold pieces.

Inventory:

Hand weapons
 a - a +1 dagger
 s - a +2 vampiric dagger (weapon)
 y - a cursed +0 flail
 B - a +1 dagger of speed
Missiles
 h - 15 sling bullets
 l - 21 steel bolts
 m - 12 bolts of penetration
 n - 18 bolts
 t - a throwing net (quivered)
Armour
 b - a +1 robe
 A - a +2 cloak (worn)
 F - the +0 leather armour of the Hidden Vale (worn) {Str+3}
   (You found it on level 5 of the Dungeon)

   It affects your strength (+3).
 G - a cursed +0 robe
Magical devices
 w - a wand of random effects (9) {unknown}
 K - a wand of disintegration (8) {unknown}
Comestibles
 d - a meat ration
 v - 2 slices of pizza
 x - a royal jelly
 I - a beef jerky
 J - a chunk of giant cockroach flesh
Scrolls
 e - 2 scrolls of amnesia {unknown}
 f - 2 scrolls of teleportation {unknown}
 g - a scroll of enchant armour {unknown}
 p - a scroll of immolation {unknown}
 q - a scroll of magic mapping {unknown}
 r - 2 scrolls of remove curse {unknown}
 z - a scroll of recharging {unknown}
 H - a scroll of blinking {unknown}
 L - a scroll of noise {unknown}
Potions
 i - 2 potions of mutation
 j - 2 potions of brilliance {unknown}
 k - 2 potions of cure mutation {unknown}
 o - a potion of resistance {unknown}
 u - a potion of restore abilities {unknown}
 C - a potion of confusion {unknown}
 D - a potion of might {unknown}
 E - a potion of berserk rage
Books
 c - a book of Maledictions

   Spells                             Type                      Level
   *Corona                            Hexes                        1
   Sure Blade                         Hexes/Charms                 2
   *Ensorcelled Hibernation           Hexes/Ice                    2
   *Confuse                           Hexes                        3
   *Dazzling Spray                    Conjuration/Hexes            3
   Enslavement                        Hexes                        4


   Skills:
 - Level 1.3 Short Blades
 - Level 2.4 Dodging
 + Level 8.4 Stealth
 - Level 2.0 Spellcasting
 - Level 6.2 Hexes
 + Level 3.6 Ice Magic


You had 2 spell levels left.
You knew the following spells:

 Your Spells              Type           Power        Failure   Level  Hunger
c - Corona                Hex            ###....      1%          1    #......
C - Confuse               Hex            ###.....     6%          3    ####...
D - Dazzling Spray        Conj/Hex       ##......     21%         3    ####...
H - Ensorcelled Hibernat  Hex/Ice        ###...       6%          2    ###....


Dungeon Overview and Level Annotations

Branches:
Dungeon (6/15)
 Temple: D:4-7

Altars:
Fedhas
Okawaru
Xom

Annotations:
D:4 exclusion: oklob plant


Innate Abilities, Weirdness & Mutations

You are small and have problems with some larger weapons.
You are carnivorous and can eat meat at any time.


Message History

Press: ? - help, Shift-Dir - straight line, f/p - goliath beetle
Aim: a goliath beetle (severely wounded)
The goliath beetle resists.
Casting: Confuse
Confirm with . or Enter, or press ? or * to list all spells.
Aiming: Confuse
Press: ? - help, Shift-Dir - straight line, f/p - goliath beetle
Aim: a goliath beetle (severely wounded)
The goliath beetle resists.
Casting: Confuse
Confirm with . or Enter, or press ? or * to list all spells.
Aiming: Confuse
Press: ? - help, Shift-Dir - straight line, f/p - goliath beetle
Aim: a goliath beetle (severely wounded)
The goliath beetle appears confused.
You completely miss the goliath beetle.
The goliath beetle is severely wounded.
The goliath beetle bites you!!
Ouch! That really hurt!
You die...

#.....>.# #.......#
...######.......#
#..............# #
...######.......# ##.
##.......# ....######
#........#
#........####..<.....#
.......##.B@..........#
...?......#####.......#
........### #....[..
......# #....... ......
..##### ..... ### ...[
.. .


You could see a goliath beetle (confused).

Vanquished Creatures
  2 ogres (D:5)
  A centaur (D:4)
  A scorpion (D:5)
  A jelly (D:5)
  3 orc wizards
  4 worker ants
  Ijyb (D:3)
  An ogre skeleton (D:5)
  5 gnolls
  6 adders
  A scorpion zombie (D:5)
  2 giant mites
  2 shadow imps (D:5)
  2 worms
  An adder skeleton (D:6)
  4 giant geckos
  13 orcs
  A bat skeleton (D:5)
  6 giant cockroaches
  9 hobgoblins
  4 jackals (D:1)
  A quokka (D:5)
  11 bats
  3 giant newts
  6 goblins
  9 kobolds
  6 rats
  A rat zombie (D:5)
107 creatures vanquished.

Notes
Turn   | Place    | Note
--------------------------------------------------------------
     0 | D:1      | Psiweapon, the Kobold Enchanter, began the quest for the Orb.
     0 | D:1      | Reached XP level 1. HP: 10/10 MP: 3/3
   226 | D:1      | Reached XP level 2. HP: 13/15 MP: 2/4
   245 | D:1      | Learned a level 2 spell: Ensorcelled Hibernation
   266 | D:1      | Reached skill level 5 in Stealth
   443 | D:1      | Reached XP level 3. HP: 13/19 MP: 6/6
   750 | D:1      | Learned a level 3 spell: Confuse
   786 | D:2      | Reached skill level 6 in Stealth
  1033 | D:2      | Reached XP level 4. HP: 24/24 MP: 7/7
  1515 | D:2      | Reached XP level 5. HP: 25/28 MP: 2/9
  2001 | D:3      | Found a shimmering altar of Xom.
  2221 | D:3      | Noticed Ijyb
  2259 | D:3      | Killed Ijyb
  2328 | D:3      | Found an iron altar of Okawaru.
  2698 | D:4      | Reached skill level 5 in Hexes
  2715 | D:4      | Noticed a centaur
  2724 | D:4      | Killed a centaur
  2724 | D:4      | Reached XP level 6. HP: 6/32 MP: 1/10
  3276 | D:4      | Found a blossoming altar of Fedhas.
  3296 | D:4      | Noticed an oklob plant
  3862 | D:5      | Entered Level 5 of the Dungeon
  4063 | D:5      | Reached skill level 1 in Ice Magic
  4063 | D:5      | Reached XP level 7. HP: 5/36 MP: 3/12
  4507 | D:5      | Reached skill level 7 in Stealth
  4592 | D:5      | Learned a level 3 spell: Dazzling Spray
  4701 | D:5      | Got a faintly humming leather armour
  4702 | D:5      | Identified the +0 leather armour of the Hidden Vale {Str+3} (You found it on level 5 of the Dungeon)
  5225 | D:5      | Reached skill level 8 in Stealth
  5459 | D:5      | Reached XP level 8. HP: 41/41 MP: 10/13
  5930 | D:6      | Slain by a goliath beetle

Action                   |  1- 3 |  4- 6 |  7- 9 || total
-------------------------+-------+-------+-------++-------
Melee: Dagger            |    85 |   130 |    96 ||   311
 Cast: Corona            |     4 |     2 |     1 ||     7
       Ensorcelled Hiber |    13 |    37 |    25 ||    75
       Confuse           |       |    14 |    14 ||    28
  Use: Potion            |       |     3 |       ||     3
       Scroll            |       |       |     4 ||     4
 Stab: Sleeping          |    16 |    27 |    22 ||    65
       Distracted        |       |     1 |     3 ||     4
       Confused          |       |     5 |     4 ||     9
  Eat: Chunk             |    10 |    15 |    13 ||    38
